 Dungeon Crawl Stone Soup version 0.26-a0-474-gfaca0e1de5 (webtiles) character file.

Game seed: 3864971679092700064

96470 Infinimo the Phalangite (level 16, -10/208 HPs)
             Began as a Merfolk Gladiator on July 30, 2020.
             Was an Initiate of Gozag.
             Killed by mirror damage (11 damage)
             ... on level 14 of the Dungeon.
             The game lasted 00:42:40 (35237 turns).

Infinimo the Phalangite (Merfolk Gladiator)        Turns: 35237, Time: 00:42:40

Health: -10/208    AC: 28    Str: 17    XL:     16   Next: 17%
Magic:  16/16      EV:  2    Int:  7    God:    Gozag
Gold:   1406       SH: 13    Dex: 20    Spells: 15/15 levels left

rFire    . . .     SeeInvis .   x - +2 demon trident (vorpal)
rCold    + . .     Faith    .   G - +2 kite shield {reflect}
rNeg     + + +     Spirit   .   (armour currently unavailable)
rPois    +         Reflect  +   (helmet currently unavailable)
rElec    .         Harm     .   (cloak currently unavailable)
rCorr    .         NoTele   +   (gloves currently unavailable)
MR       +....                  (boots currently unavailable)
Stlth    ++........             i - amulet of the acrobat
HPRegen  0.44/turn              K - ring of protection from cold
MPRegen  0.15/turn              g - +4 ring of evasion

@: mighty, tree-form (expiring), gold aura, hasted, lightly drained, very quick
A: (change form in water), (swift swim), (stealthy swim)
a: Potion Petition, Call Merchant, Bribe Branch, Renounce Religion


You were on level 14 of the Dungeon.
You worshipped Gozag.
Gozag was most pleased with you.
You were a tree.
You visited 3 branches of the dungeon, and saw 22 of its levels.
You also visited: Ossuary.

You collected 8712 gold pieces.
You spent 2236 gold pieces at shops.
You paid 5070 gold pieces to Gozag.

Inventory:

Hand Weapons
 x - a +2 vorpal demon trident (weapon)
Missiles
 d - 4 throwing nets (quivered)
Armour
 h - a +0 pair of boots (melded)
 o - the +2 hat of the Bear Spirit (melded) {Spirit, +Rage rN+ MR++}
   (You bought it in a shop on level 2 of the Orcish Mines)

   It protects you from negative energy.
   It affects your resistance to hostile enchantments.
   It lets you go berserk.
 p - a scarf of repulsion (melded)
 s - a +2 leather armour of fire resistance (melded)
 B - the +1 buckler of Maqol {rCorr Dex+2}
   (You bought it in a shop on level 12 of the Dungeon)

   It affects your dexterity (+2).
   It provides partial protection from all sources of acid and corrosion.
 G - a +2 kite shield of reflection (worn)
Jewellery
 g - a +4 ring of evasion (right branch)
 i - an amulet of the acrobat (around neck)
 K - a ring of protection from cold (left branch)
Wands
 t - a wand of iceblast (19)
 F - a wand of acid (8)
 H - a wand of disintegration (7)
Scrolls
 a - 11 scrolls of identify
 f - 7 scrolls of remove curse
 j - a scroll of blinking
 k - 5 scrolls of magic mapping
 n - a scroll of enchant weapon
 q - 3 scrolls of amnesia
 u - 4 scrolls of enchant armour
 y - a scroll of silence
 E - 3 scrolls of teleportation
 I - 2 scrolls of fear
Potions
 e - 3 potions of degeneration
 m - 2 potions of flight
 v - a potion of magic
 w - 10 potions of ambrosia
 z - a potion of haste
 A - 2 potions of resistance
 C - a potion of stabbing


   Skills:
 * Level 16.5 Fighting
 + Level 22.7(22.6) Polearms
 - Level 2.0(1.9) Throwing
 + Level 17.2(17.1) Dodging
 + Level 8.1 Shields


You had 15 spell levels left.
You didn't know any spells.
Your spell library contained the following spells:

 Spells                   Type           Power        Failure   Level
 Freeze                   Ice            #...         75%         1
 Shock                    Conj/Air       #...         75%         1
 Summon Small Mammal      Summ           #...         75%         1
 Call Imp                 Summ           #.......     86%         2
 Sublimation of Blood     Necr           #.........   86%         2
 Call Canine Familiar     Summ           #.......     98%         3
 Frozen Ramparts          Ice            #.....       98%         3
 Ignite Poison            Fire/Tmut/Pois #.......     98%         3
 Ozocubu's Armour         Ice            #.......     98%         3
 Summon Guardian Golem    Hex/Summ       #.......     98%         3
 Hailstorm                Conj/Ice       #.......     100%        4
 Petrify                  Tmut/Erth      #.......     100%        4
 Summon Ice Beast         Ice/Summ       #.......     100%        4
 Summon Lightning Spire   Summ/Air       #.......     100%        4
 Alistair's Intoxication  Tmut/Pois      #........    100%        5
 Irradiate                Conj/Tmut      #.........   100%        5
 Eringya's Noxious Bog    Tmut/Pois      #.........   100%        6


Dungeon Overview and Level Annotations

Branches:
Dungeon (14/15)            Temple (0/1) D:4            Lair (6/6) D:9
 Shoals (0/4) Lair:2       Spider (0/4) Lair:3        Slime (0/5) Lair:5
    Orc (2/2) D:12            Elf (0/3) Orc:2       Ossuary (visited)
 Vaults: D:13-14

Altars:
Ashenzari
Cheibriados
Dithmenos
Elyvilon
Gozag
Kikubaaqudgha
Okawaru
Sif Muna
Wu Jian
Xom
Yredelemnul
Zin
The Shining One
Beogh

Shops:
D:9 (   D:10 ((   D:12 [   Orc:1 *   Orc:2 ?}*?   Lair:5 =


Message History

The death knight is lightly wounded.
The death knight hits you with a +0 broad axe.
* * * LOW HITPOINT WARNING * * *
You puncture the death knight!
The death knight is moderately wounded.
The death knight reflects your damage back at you!
* * * LOW HITPOINT WARNING * * *
The wraith becomes distracted by the nearby gold, dreaming of imaginary riches.
The death knight is moderately wounded.
The death knight is moderately wounded.
You impale the death knight!!
The death knight is severely wounded.
The death knight reflects your damage back at you!
* * * LOW HITPOINT WARNING * * *
The wraith is no longer distracted by gold.
You puncture the death knight!
The death knight is almost dead.
The death knight reflects your damage back at you!
You die...
Your body crumbles into a pile of gold.

$# .# . .#
.. ..#
...#####.#
.........#
.........#
#.$♣$#
###Wp#
#.###Y.#
#....(.# $
#####.##
#.# #.#
#.# ###
#.#


You could see a death knight (reflects damage), a yak and a wraith.

Vanquished Creatures
  Jorgrun (D:13)
  Rupert (D:13)
  Kirke (D:12)
  A stone giant (Orc:1)
  The ghost of voshxx the Sorcerer, a journeyman DEFE of Sif Muna (Orc:2)
  Azrael (D:12)
  Snorg (D:10)
  Josephine (D:14)
  Erolcha (D:9)
  A centaur warrior (D:10)
  8 hydras
  7 vault guards
  4 two-headed ogres
  Erica (D:9)
  13 death yaks
  Urug (D:11)
  Sonja (D:10)
  A skeletal warrior (D:13)
  10 orc knights
  An orc sorcerer (Orc:1)
  2 manticores
  6 cyclopes
  6 oklob plants
  A wolf spider (Lair:6)
  A merfolk siren (Lair:2)
  4 elephants (Lair:5)
  10 black mambas
  2 guardian serpents
  Maurice (Orc:2)
  Psyche (D:12)
  8 cane toads
  5 rime drakes
  A kobold demonologist (D:14)
  A polar bear (Lair:6)
  6 trolls
  4 hornets
  A queen bee (D:11)
  4 komodo dragons
  2 slime creatures (D:14)
  5 dream sheep (Lair:5)
  18 hippogriffs
  A meliai zombie (D:12)
  2 shadows
  24 wyverns
  2 redbacks (Lair:6)
  A vampire (D:11)
  4 wraiths
  45 yaks
  8 basilisks
  3 hogs (D:12)
  A steam dragon (D:10)
  2 fire elementals
  6 wargs
  7 hell hounds
  13 water moccasins
  11 porcupines
  35 orc warriors
  An eye of draining (D:12)
  5 ice beasts
  3 sky beasts
  9 ogres
  6 phantoms
  3 wolves (Lair:5)
  A necrophage (D:8)
  21 centaurs
  13 crocodiles
  5 big kobolds
  15 bullfrogs
  A wyvern zombie (D:6)
  3 troll zombies (D:12)
  8 scorpions
  36 killer bees
  16 wights
  A howler monkey (D:4)
  4 electric eels
  3 centaur zombies
  2 quasits
  A bullfrog zombie (D:9)
  A bullfrog skeleton (D:12)
  5 hounds
  4 jellies
  16 orc priests
  3 centaur skeletons
  A gnoll shaman (D:5)
  3 iguanas
  20 orc wizards
  9 worker ants
  A big kobold zombie (Ossuary)
  5 ogre zombies (D:12)
  2 mummies (Ossuary)
  16 gnolls
  A howler monkey skeleton (D:6)
  17 adders
  3 shadow imps
  3 white imps
  2 ufetubi
  2 adder skeletons
  6 worms
  5 dart slugs
  10 leopard geckos
  82 orcs
  5 giant cockroaches
  6 goblins
  9 hobgoblins
  9 jackals
  8 quokkas
  2 ball pythons (D:4)
  6 bats
  5 frilled lizards
  2 giant cockroach zombies (D:5)
  2 gnoll zombies (Ossuary)
  2 goblin skeletons (D:12)
  6 goblin zombies
  A hobgoblin skeleton (D:12)
  7 hobgoblin zombies
  21 kobolds
  19 orc zombies
  5 rats
800 creatures vanquished.

Vanquished Creatures (others)
  2 humans (D:12)
  An orc warrior (Orc:2)
  A centaur (D:12)
  An orc priest (Orc:1)
  4 orcs
  2 kobolds (D:12)
  9 fungi
  29 plants
49 creatures vanquished.

Grand Total: 849 creatures vanquished

Notes
Turn   | Place    | Note
-------+----------+-------------------------------------------
     0 | D:1      | Infinimo the Merfolk Gladiator began the quest for the Orb.
     0 | D:1      | Reached XP level 1. HP: 16/16 MP: 1/1
   117 | D:1      | Found a shattered altar of Ashenzari.
   161 | D:1      | Reached XP level 2. HP: 21/23 MP: 2/2
   233 | D:1      | Reached skill level 5 in Polearms
   702 | D:1      | Reached XP level 3. HP: 27/28 MP: 3/3
  1376 | D:2      | Reached XP level 4. HP: 30/34 MP: 4/4
  1669 | D:1      | Reached skill level 6 in Polearms
  2459 | D:2      | Reached skill level 5 in Dodging
  2459 | D:2      | Reached XP level 5. HP: 41/41 MP: 5/5
  2677 | D:3      | HP: 1/41 [orc priest/divine providence (9)]
  3286 | D:3      | Reached skill level 7 in Polearms
  3380 | D:3      | Found a faded altar of an unknown god.
  3451 | D:3      | Reached XP level 6. HP: 48/48 MP: 6/6
  3880 | D:3      | Found a glowing silver altar of Zin.
  3881 | D:3      | Found a white marble altar of Elyvilon.
  3882 | D:3      | Found a glowing golden altar of the Shining One.
  4065 | D:4      | Found an opulent altar of Gozag.
  4079 | D:4      | Reached skill level 8 in Polearms
  4098 | D:4      | Became a worshipper of Gozag Ym Sagoz the Greedy
  4574 | D:4      | Found a staircase to the Ecumenical Temple.
  4917 | D:4      | Reached XP level 7. HP: 55/55 MP: 7/7
  5243 | D:5      | Entered Level 5 of the Dungeon
  5763 | D:5      | Reached skill level 9 in Polearms
  6146 | D:5      | Reached skill level 5 in Fighting
  6363 | D:5      | Reached XP level 8. HP: 51/62 MP: 8/8
  6381 | D:5      | Reached skill level 10 in Polearms
  6723 | D:5      | Found an opulent altar of Gozag.
  7033 | D:5      | Found a shimmering blue altar of Sif Muna.
  7054 | D:5      | Identified Sif Muna's Compendium of Air
  7574 | D:6      | Reached skill level 11 in Polearms
  8382 | D:6      | Reached XP level 9. HP: 71/71 MP: 9/9
  8633 | D:7      | Reached skill level 12 in Polearms
  8759 | D:7      | Found an iron altar of Okawaru.
  8760 | D:7      | Found an ornate altar of the Wu Jian Council.
  8760 | D:7      | Found an ancient bone altar of Kikubaaqudgha.
  9006 | D:7      | Found a basalt altar of Yredelemnul.
  9609 | D:8      | Reached skill level 13 in Polearms
  9648 | D:8      | Noticed a two-headed ogre
  9855 | D:8      | Killed a two-headed ogre
  9855 | D:8      | Reached XP level 10. HP: 61/80 MP: 10/10
  9876 | D:8      | Reached skill level 14 in Polearms
 10089 | D:8      | Found a sand-covered staircase.
 10131 | Ossuary  | Entered an ossuary
 10154 | Ossuary  | Reached skill level 10 in Dodging
 10449 | D:8      | Found a snail-covered altar of Cheibriados.
 12048 | D:9      | Found a staircase to the Lair.
 12108 | D:9      | Noticed Erica
 12124 | D:9      | Noticed Erolcha
 12557 | D:9      | Reached skill level 15 in Polearms
 12770 | D:9      | Killed Erica
 12971 | D:9      | Killed Erolcha
 12971 | D:9      | Reached skill level 16 in Polearms
 12971 | D:9      | Reached XP level 11. HP: 72/89 MP: 11/11
 13238 | D:9      | Found a shadowy altar of Dithmenos.
 13508 | D:10     | Entered Level 10 of the Dungeon
 13627 | D:10     | Noticed a centaur warrior
 13645 | D:10     | Killed a centaur warrior
 13807 | D:10     | Noticed Sonja
 13823 | D:10     | Killed Sonja
 14045 | D:10     | Found a snail-covered altar of Cheibriados.
 14095 | D:10     | Reached skill level 17 in Polearms
 14139 | D:10     | Reached skill level 10 in Fighting
 14998 | D:11     | Noticed a cyclops
 15013 | D:11     | Killed a cyclops
 15013 | D:11     | Reached XP level 12. HP: 63/98 MP: 12/12
 15200 | D:11     | Reached skill level 18 in Polearms
 15416 | D:11     | Noticed Snorg
 15426 | D:11     | Noticed Urug
 15615 | D:10     | Killed Snorg
 15773 | D:11     | Killed Urug
 17045 | D:12     | Noticed Psyche
 17135 | D:11     | Reached skill level 19 in Polearms
 17226 | D:12     | Killed Psyche
 17517 | D:12     | Found a staircase to the Orcish Mines.
 17587 | D:12     | Noticed a six-headed hydra
 17587 | D:12     | Noticed Kirke
 17633 | D:12     | Killed Kirke
 17917 | D:12     | Found a shimmering altar of Xom.
 17918 | D:12     | Found a shimmering altar of Xom.
 17919 | D:12     | Found a shimmering altar of Xom.
 17919 | D:12     | Found a shimmering altar of Xom.
 17992 | D:12     | Noticed Azrael
 18025 | D:12     | Killed Azrael
 18025 | D:12     | Reached XP level 13. HP: 59/107 MP: 13/13
 18029 | D:12     | Reached skill level 20 in Polearms
 20020 | D:12     | Bought a pair of embroidered boots for 165 gold pieces
 20020 | D:12     | Bought a twisted scale mail for 198 gold pieces
 20020 | D:12     | Bought a fine buckler for 209 gold pieces
 20051 | D:12     | Identified the +4 scale mail of the Trout {Harm rC- Dex+5
                  | Slay+2} (You bought it in a shop on level 12 of the
                  | Dungeon)
 20091 | D:12     | Identified the +1 buckler of Maqol {rCorr Dex+2} (You
                  | bought it in a shop on level 12 of the Dungeon)
 20110 | D:12     | Bought a dyed leather armour for 110 gold pieces
 20253 | Lair:1   | Entered Level 1 of the Lair of Beasts
 22084 | Lair:2   | Reached skill level 1 in Shields
 22259 | Lair:2   | Found a staircase to the Shoals.
 23158 | Lair:2   | Reached skill level 21 in Polearms
 23994 | Lair:2   | Reached skill level 15 in Dodging
 24323 | Lair:2   | Reached XP level 14. HP: 97/118 MP: 14/14
 24641 | Lair:3   | Found a hole to the Spider Nest.
 26531 | Lair:5   | Reached skill level 5 in Shields
 26848 | Lair:5   | Found a staircase to the Slime Pits.
 27211 | Lair:6   | Entered Level 6 of the Lair of Beasts
 28681 | Lair:6   | Reached XP level 15. HP: 127/127 MP: 15/15
 28805 | Lair:5   | Reached skill level 15 in Fighting
 29178 | Lair:6   | Reached skill level 22 in Polearms
 30237 | Orc:1    | Entered Level 1 of the Orcish Mines
 30304 | Orc:1    | Found Baseylu's Mayhem Merchandise.
 30735 | Orc:2    | Entered Level 2 of the Orcish Mines
 31436 | Orc:2    | Found a staircase to the Elven Halls.
 31442 | Orc:2    | Noticed Maurice
 31463 | Orc:2    | Killed Maurice
 32127 | Orc:2    | Found Tabryora's Assorted Antiques.
 32127 | Orc:2    | Found Valijayp's Gadget Emporium.
 32130 | Orc:2    | Found Wowokh's Magic Scroll Shoppe.
 32132 | Orc:2    | Found Ecuecs's Magic Scroll Boutique.
 32136 | Orc:2    | Bought the +2 hat of the Bear Spirit {Spirit, +Rage rN+
                  | MR++} for 1133 gold pieces
 32136 | Orc:2    | Found the +2 hat of the Bear Spirit {Spirit, +Rage rN+
                  | MR++}
 32136 | Orc:2    | Bought a glowing kite shield for 217 gold pieces
 32161 | Orc:2    | Bought a scroll of blinking for 120 gold pieces
 32161 | Orc:2    | Bought a scroll of teleportation for 48 gold pieces
 32166 | Orc:2    | Bought a scroll of teleportation for 36 gold pieces
 32559 | Orc:1    | Found a runed translucent gate.
 32559 | Orc:1    | Found a runed translucent gate.
 32559 | Orc:1    | Found a runed translucent gate.
 32560 | Orc:1    | Identified the +1 plate armour of Sloth {MR+}
 32560 | Orc:1    | Noticed voshxx's ghost (journeyman DEFE)
 32560 | Orc:1    | Identified the +10 plate armour of Cowardice {*Drain rPois
                  | rF+++ Int-4}
 32567 | Orc:1    | Found a roughly hewn altar of Beogh.
 33324 | Orc:2    | Killed voshxx's ghost
 33724 | D:13     | Noticed Jorgrun
 33729 | D:13     | Noticed Josephine
 33733 | D:13     | Noticed Rupert
 33745 | D:13     | Killed Jorgrun
 33972 | D:13     | Killed Rupert
 34249 | D:13     | Identified the +6 spear of the Saving Bear {elec, Fragile
                  | rN++ Int+4}
 34605 | D:14     | Reached XP level 16. HP: 125/138 MP: 14/16
 35174 | D:14     | Killed Josephine
 35236 | D:14     | HP: 1/208 [mirror damage (19)]
 35237 | D:14     | Killed by mirror damage

Illustrated notes

Levels and vault maps discovered:
D:1:      dpeg_arrival_rhombi, layout_loops_ring, ashenzari_altar_1
D:2:      minmay_wonky_spiral, layout_basic
D:3:      layout_rooms, good_gods_temple_1, portal_sewer_entry_d,
          chequers_ecumenical_altar_island
D:4:      layout_basic, nicolae_gozag_cash_rules_everything_around_me,
          minmay_temple_entry_antechambers, wad_floor_pattern_untrapped,
          kennysheep_generic_room_16
D:5:      layout_loops_corners, led_sif_book, basic_altar, nrook_mini_vaults
D:6:      layout_cave_pools
D:7:      layout_cave_pools, grunt_temple_overflow_open,
          yredelemnul_altar_generic
D:8:      layout_loops_ring, basic_altar, chequers_ossuary_entry_cave
D:9:      layout_gridville, erik_lair_orcish_takeover, grunt_dithmenos_shadows,
          uniq_erolcha, uniq_erica
D:10:     layout_roguey, basic_altar, nrook_guardian_serpent_ordinary,
          uniq_sonja
D:11:     layout_loops_corners, special_room [special_room_bee], minivault_11,
          uniq_urug, uniq_snorg
D:12:     layout_basic, zombieorc2_lemuel, gauntlet_entry_generic,
          xom_redecorated, uniq_azrael, uniq_kirke, uniq_psyche
D:13:     layout_rooms, erik_vaults_2, uniq_jorgrun, uniq_josephine, uniq_rupert
D:14:     layout_loops_cross, hangedman_decor_lopped
Lair:1:   layout_regular_city, minmay_lair_oklob_chamber
Lair:2:   layout_loops_ring, minmay_shoals_entry_lonely_mermaid,
          serial_bayou_shore_b, grunt_megastairs_4, serial_bayou_shore_b,
          serial_bayou_shore_b
Lair:3:   layout_loops_ring, nicolae_spider_entry_non_spiders
Lair:4:   layout_roguey [special_room_mythical_zoo],
          chequers_serial_rivers_small_b, serial_bayou_lake_a
Lair:5:   layout_cave_pods, minmay_slime_entry_oklob_enclosed,
          beast_lair_carwin_7
Lair:6:   hangedman_lair_tendril_chambers, layout_gridlike, serial_forest,
          infiniplex_forest_clump_small, infiniplex_forest_clump_double,
          infiniplex_forest_end_1, infiniplex_forest_clump_cross,
          infiniplex_forest_lined_ring, infiniplex_forest_straight_4,
          infiniplex_forest_clump_double, infiniplex_forest_end_1,
          infiniplex_forest_lined_2, patterned_corridor
Orc:1:    layout_caves, biasface_ghost_orc_armoury, minmay_shop_mayhem
Orc:2:    st_orc_rangers, layout_caves, uniq_maurice

Skill      XL: |  1  2  3  4  5  6  7  8  9 10 11 12 13 14 15 16 |
---------------+-------------------------------------------------+-----
Polearms       | 5 6 7 8 9 11 13 16 17 19 21 22 | 22.7
Fighting       | 3 4 5 6 7 9 10 11 13 14 16 | 16.5
Dodging        | 5 6 8 9 11 12 14 15 16 17 | 17.2
Shields        | 3 5 7 8 |  8.1
Throwing       | |  2.0

Action                   |  1- 3 |  4- 6 |  7- 9 | 10-12 | 13-15 | 16-18 || total
-------------------------+-------+-------+-------+-------+-------+-------++-------
Melee: Trident           |   141 |    57 |       |       |       |       ||   198
       Halberd           |       |   162 |   390 |  1046 |   170 |       ||  1768
       Tailslap          |       |     1 |       |       |     1 |       ||     2
       Unarmed           |       |       |       |     9 |       |       ||     9
       Demon trident     |       |       |       |       |  1445 |   161 ||  1606
Invok: Call Merchant     |       |       |       |     2 |     3 |       ||     5
Evoke: Wand              |       |       |     2 |     2 |    13 |       ||    17
  Use: Scroll            |       |     5 |    12 |    12 |    10 |       ||    39
       Potion            |       |     1 |     2 |     5 |     6 |    10 ||    24
 Stab: Sleeping          |     3 |     2 |     1 |     7 |     5 |       ||    18
       Distracted        |       |       |     2 |     7 |    22 |     1 ||    32
       Invisible         |       |       |     1 |       |       |       ||     1
Armor: Leather armour    |    31 |    42 |    36 |   153 |    96 |     8 ||   366
       Skin              |       |       |       |       |       |    57 ||    57
Dodge: Dodged            |   103 |   142 |   252 |  1192 |  1119 |   120 ||  2928
       Repelled          |       |       |       |     3 |    12 |       ||    15
Block: Buckler           |       |       |       |       |   239 |       ||   239
       Kite shield       |       |       |       |       |    89 |   128 ||   217
       Reflection        |       |       |       |       |     9 |       ||     9

Table legend: (Time is in decaauts)
 A = Elapsed time spent in this place.
 B = Non-inter-level travel time spent in this place.
 C = Inter-level travel time spent in this place.
 D = Time resting spent in this place.
 E = Time spent auto-exploring this place.
 F = Levels seen in this place.
 G = Mean time per level.
                   A        B        C        D        E       F      G
               +--------+--------+--------+--------+--------+-----+--------+
         Total |  34286 |  32779 |   1507 |   5242 |  21950 |  23 | 1490.7 |
       Dungeon |  21490 |  20453 |   1037 |   3224 |  13408 |  14 | 1535.0 |
          Lair |   9275 |   8919 |    356 |    916 |   6793 |   6 | 1545.8 |
  Orcish Mines |   3296 |   3183 |    113 |   1101 |   1581 |   2 | 1648.0 |
       Ossuary |    224 |    224 |      0 |      0 |    168 |   1 |  224.0 |
               +--------+--------+--------+--------+--------+-----+--------+

Top non-repeatable levels by time:
    D:11: 3019 daAuts
    D:12: 2418 daAuts
  Lair:6: 2371 daAuts
  Lair:2: 2265 daAuts
     D:9: 2141 daAuts
     D:4: 2103 daAuts
     D:5: 2094 daAuts
   Orc:2: 1793 daAuts
     D:8: 1626 daAuts
  Lair:5: 1536 daAuts
   Orc:1: 1502 daAuts
  Lair:1: 1385 daAuts
     D:1: 1361 daAuts
     D:2: 1268 daAuts
    D:10: 1260 daAuts
